Unix NetHack Version 5.0.0-0 post-release - last build May  4 2026 22:22:43 (774f63e81ad911689b3a0859ea89b322d5daca8d,branch:main).

Game began 2026-05-05 15:25:57, ended 2026-05-05 15:53:30.

1212459919, neutral female human Monk

  -------
 --.....|
 |..^.h.--
 --...@..|
  |..|.---
  ---|..--
     --).--
      -<..|
    --...--
    -....|
    .*...--
     ..).%-
      .--..
        ---

1212459919 the Novice           St:16 Dx:16 Co:10 In:9 Wi:17 Ch:10  Neutral
Dlvl:4  $:14 HP:0(23) Pw:18(18) AC:4  Xp:3 T:533 

Latest messages:
 The gnome zaps a long wand!
 The sleep ray whizzes by you!
 The dwarf picks up 7 stones.
 The dwarf throws a dagger!
 You are hit by a dagger.
 You hit the dwarf!
 You miss the dwarf.
 The dwarf misses!
 You kill the dwarf!
 The gnome throws a dart!
 You are hit by a dart.
 The gnome picks up a dwarvish cloak.
 The gnomish wizard picks up a scroll.
 You descend the stairs.
 You hear crashing rock.
 A crossbow bolt misses you.
 You are hit by a crossbow bolt!
 A crossbow bolt misses you.
 You are hit by a crossbow bolt.
 You kill the gnome!
 Welcome to experience level 3.
 You feel healthy!
 You hear crashing rock.
 n - 9 crossbow bolts.
 o - a crossbow.
 What do you want to use or apply? [i or ?*] <space>
 Never mind.
 What do you want to wield? [- jno or ?*] o
 The crossbow welds itself to your dominant right hand!
 You begin bashing monsters with your crossbow.
 You hit the gnome.
 The gnome thrusts one of her daggers.
 The gnome hits!
 What do you want to wield? [- jno or ?*] o
 You are already wielding that!
 You miss the gnome.
 You hear crashing rock.
 The gnome thrusts one of her daggers.
 The gnome just misses!
 You see here 2 crossbow bolts.
 Really step into that hole? [yn] (n) n
 You hit the dwarf.
 The dwarf swings his pick-axe.
 The dwarf hits!
 You die...
 Do you want your possessions identified? [ynq] (y) y
 Do you want to see your attributes? [ynq] (y) y
 Do you want an account of creatures vanquished? [ynaq] (y) y
 Do you want to see your conduct and achievements? [ynq] (y) y
 Do you want to see the dungeon overview? [ynq] (y) y

Inventory:
 Coins    ('$')
  $ - 14 gold pieces
 Weapons  (')')
  n - 9 blessed +0 crossbow bolts
  o - a cursed +0 crossbow (weapon in right hand)
  j - a cursed +0 dagger
 Armor    ('[')
  a - a blessed +2 pair of leather gloves (being worn)
  b - a blessed +1 robe (being worn)
 Comestibles  ('%')
  f - 6 uncursed apples
  e - 5 uncursed food rations
  k - a cursed food ration
  h - 3 uncursed fortune cookies
  g - 5 uncursed oranges
  m - an uncursed tripe ration
 Scrolls  ('?')
  c - a blessed scroll of gold detection
 Spellbooks  ('+')
  i - a blessed spellbook of protection
 Potions  ('!')
  d - 3 blessed potions of healing
  l - an uncursed potion of water

1212459919 the Monk's attributes:

Background:
 You were a Novice, a level 3 female human Monk.
 You were neutral, on a mission for Chih Sung-tzu
 who was opposed by Shan Lai Ching (lawful) and Huan Ti (chaotic).
 You were right-handed.
 You were in the Gnomish Mines, on level 4.
 You entered the dungeon 533 turns ago.
 You had 46 experience points, 34 more were needed to attain level 4.

Basics:
 You had 0 out of 23 hit points.
 You had all 18 energy points (spell power).
 Your armor class was 4.
 Your wallet contained 14 zorkmids.
 Autopickup was off.

Final Characteristics:
 Your strength was 16 (limit:18/100).
 Your dexterity was 16 (limit:18).
 Your constitution was 10 (limit:18).
 Your intelligence was 9 (limit:18).
 Your wisdom was 17 (limit:18).
 Your charisma was 10 (limit:18).

Final Status:
 You weren't hungry.
 You were unencumbered.
 You were wielding a crossbow.
 You were unskilled in crossbow.

Final Attributes:
 You were fervently aligned.
 You were sleep resistant.
 You were poison resistant.
 You saw invisible.
 You were guarded.
 Your spell casting was enhanced by wearing a robe.
 You were fast.
 You are dead.

Miscellaneous:
 You didn't encounter any bones levels.
 Total elapsed playing time was 17 minutes and 50 seconds.

Major events:
 Turn
    1: 1212459919 the neutral female human Monk entered the dungeon
  428: entered the Gnomish Mines
  508: attained the rank of Novice (level 3)
  533: killed by a dwarf

Spells:
 Name                 Level Category     Fail Retention
 protection             1   clerical       0%  76%-100%

Skills:
 Fighting Skills
   martial arts       [Basic]
 Weapon Skills
   quarterstaff       [Unskilled]
   spear              [Unskilled]
   crossbow           [Unskilled]
   shuriken           [Unskilled]
 Spellcasting Skills
   attack spells      [Unskilled]
   healing spells     [Basic]
   divination spells  [Unskilled]
   enchantment spells [Unskilled]
   clerical spells    [Unskilled]
   escape spells      [Unskilled]
   matter spells      [Unskilled]

Voluntary challenges:
 Character rerolling was not enabled.
 You went without food.
 You were an atheist.
 You were illiterate.
 You never genocided any monsters.
 You never polymorphed an object.
 You never changed form.
 You used no wishes.
Achievements:
 You entered a shop.
 You entered the Gnomish Mines.
 You attained the rank of Novice.

 The Dungeons of Doom: levels 1 to 3
    Level 1:
       A fountain.
    Level 2:
       A weapon shop, a fountain.
       Stairs down to The Gnomish Mines.
    Level 3:
 The Gnomish Mines: levels 3 to 4
    Level 3:
    Level 4: <- You were here.
       Final resting place for
          you, killed by a dwarf.


Vanquished creatures:
  2 dwarves
  5 gnomes
  a fox
  a goblin
  a grid bug
  a lichen
  a kobold zombie
12 creatures vanquished.

No species were genocided or became extinct.

Game over:
                       ----------
                      /          \
                     /    REST    \
                    /      IN      \
                   /     PEACE      \
                  /                  \
                  |    1212459919    |
                  |      14 Au       |
                  |   killed by a    |
                  |      dwarf       |
                  |                  |
                  |                  |
                  |       2026       |
                 *|     *  *  *      | *
        _________)/\\_//(\/(/\)/\//\/|_)_______

Goodbye 1212459919 the Monk...

You died in The Gnomish Mines on dungeon level 4 with 347 points,
and 14 pieces of gold, after 533 moves.
You were level 3 with a maximum of 23 hit points when you died.

